AoeStats
← Master Suknip

MegaRandom

510415174Analyzed
4v4 RM · 1d ago on Sep 30, 2026· 113m 16s· 8 players
Game mode
Random Map
Map size
Large (8 player)
Population
200
Speed
Normal
Resources
Standard
Victory
Conquest
Starting age
Dark Age
Ending age
Imperial Age
RankedLock teamsTeams togetherTeam positionsShared explorationLock speedFull tech treeHidden civsTurbo modeCheats
Victory
Defeat
🇺🇸 Persians · United States
678
+12
🇺🇸 Britons · United States
668
+12
🇺🇸 Bengalis · United States
648
+13
🇺🇸 Georgians · United States
635
+13
🇵🇪 Turks · Peru
617
-14
🇺🇸 Byzantines · United States
593
-13
🇲🇽 Romans · Mexico
566
-12
🇪🇸 Romans · Spain
535
-11
Lizzie Borden
11:47 Feudal Age
10:08 Loom
18:54 Castle Age
20:28 Elite Skirmisher
22:26 Fletching
22:38 Padded Archer Armor
23:09 Bodkin Arrow
26:36 Stone Mining
luisxd665
0:37 Loom
16:22 Feudal Age
17:55 Double-Bit Axe
19:51 Horse Collar
22:05 Gold Mining
22:08 Stone Mining
24:40 Castle Age
25:53 Wheelbarrow
28:09 Gold Shaft Mining
28:14 Heavy Plow
28:39 Bow Saw
31:39 Hand Cart
34:30 Squires
33:50 Pikeman
33:56 Crossbowman
38:38 Imperial Age
37:37 Ballistas
38:02 Forging
37:53 Scale Mail Armor
37:59 Scale Barding Armor
37:45 Fletching
37:27 Man-at-Arms
38:59 Long Swordsman
39:00 Halberdier
40:04 Caravan
40:35 Coinage
40:15 Guilds
42:54 Chemistry
41:39 Capped Ram
45:27 Heavy Scorpion
45:30 Siege Ram
61:51 Legionary
63:35 Conscription
65:41 Masonry
65:53 Ballistics
65:44 Fortified Wall
66:14 Iron Casting
65:55 Chain Mail Armor
66:01 Chain Barding Armor
65:41 Padded Archer Armor
65:36 Bodkin Arrow
Pan con Queso
7:56 Loom
10:57 Feudal Age
12:16 Wheelbarrow
12:30 Double-Bit Axe
13:08 Horse Collar
17:38 Gold Mining
22:38 Stone Mining
25:36 Castle Age
28:18 Gold Shaft Mining
27:56 Bow Saw
29:34 Hand Cart
32:22 Imperial Age
33:11 Heavy Plow
35:52 Caravan
37:09 Sappers
38:09 Conscription
37:18 Elite Janissary
42:25 Heavy Cavalry Archer
43:30 Parthian Tactics
44:25 Heavy Cavalry Archer
45:31 Parthian Tactics
49:17 Conscription
48:27 Sappers
77:20 Fletching
77:31 Padded Archer Armor
77:31 Scale Mail Armor
77:42 Forging
77:37 Scale Barding Armor
86:32 Leather Archer Armor
86:13 Bodkin Arrow
86:53 Iron Casting
86:34 Chain Mail Armor
86:42 Chain Barding Armor
94:33 Ring Archer Armor
94:03 Bracer
95:04 Blast Furnace
94:34 Plate Mail Armor
94:40 Plate Barding Armor
John Lemon
7:15 Loom
10:31 Feudal Age
11:18 Fishing Lines
13:26 Wheelbarrow
13:56 Town Watch
14:42 Double-Bit Axe
23:03 Castle Age
20:37 Man-at-Arms
24:13 Hand Cart
24:09 Town Patrol
25:15 Forging
25:05 Scale Mail Armor
26:41 Medium Warships
30:41 Squires
31:35 Pikeman
31:35 Long Swordsman
32:24 Long Swordsman
39:33 Caravan
42:31 Imperial Age
42:14 Stone Mining
42:15 Gold Mining
42:37 Bow Saw
42:31 Padded Archer Armor
43:07 Iron Casting
42:48 Chain Mail Armor
45:00 Coinage
46:35 Gillnets
47:48 Banking
51:28 Guilds
52:20 Scale Barding Armor
53:16 Blast Furnace
52:32 Leather Archer Armor
52:08 Fletching
52:16 Demolition Ship
54:01 Ballistas
55:28 Conscription
56:29 Heavy Warships
57:57 Legionary
60:28 Halberdier
66:06 Elite Centurion
74:32 Ring Archer Armor
73:58 Bodkin Arrow
74:24 Chain Barding Armor
78:17 Plate Barding Armor
84:04 Comitatenses
85:59 Fervor
100:57 Gold Shaft Mining
PicPlaysGMEs
0:37 Loom
16:12 Feudal Age
19:12 Double-Bit Axe
21:50 Castle Age
19:40 Horse Collar
20:39 Wheelbarrow
19:56 Arson
24:33 Fletching
24:54 Forging
24:45 Scale Mail Armor
24:09 Man-at-Arms
24:35 Gambesons
24:51 Squires
25:41 Bow Saw
27:07 Bodkin Arrow
28:42 Long Swordsman
30:55 Ballistics
30:43 Murder Holes
31:32 Clinker Construction
31:06 Fishing Lines
32:02 Gillnets
32:22 Heated Shot
34:05 Heavy Plow
37:18 Imperial Age
35:06 Gold Mining
35:12 Stone Mining
36:03 Iron Casting
37:11 Masonry
37:22 Chain Mail Armor
37:08 Padded Archer Armor
36:31 Crossbowman
37:42 Two-Handed Swordsman
41:47 Chemistry
40:33 Arrowslits
41:19 Architecture
41:18 Champion
45:05 Caravan
46:38 Carvel Hull
47:21 Conscription
58:27 Arbalester
60:18 Pikeman
75:43 Guard Tower
76:04 Siege Engineers
81:51 Keep
96:41 Two-Man Saw
97:22 Hand Cart
113:53 Shipwright
113:45 Careening
113:42 Siphons
113:57 Medium Warships
Wogsy2010
0:40 Loom
14:28 Feudal Age
15:36 Double-Bit Axe
15:41 Horse Collar
16:49 Wheelbarrow
18:17 Fletching
19:20 Gold Mining
23:51 Castle Age
22:02 Stone Mining
25:36 Crossbowman
26:21 Thumb Ring
29:55 Heavy Plow
35:44 Bodkin Arrow
38:38 Imperial Age
37:00 Gold Shaft Mining
37:06 Caravan
39:23 Conscription
41:33 Bow Saw
41:55 Cavalier
42:36 Husbandry
42:46 Bloodlines
44:02 Savar
45:58 Forging
45:54 Scale Barding Armor
48:42 Chain Barding Armor
51:24 Iron Casting
60:48 Citadels
62:10 Chemistry
61:01 Heated Shot
61:32 Ballistics
65:40 Two-Man Saw
78:17 Plate Barding Armor
78:51 Blast Furnace
107:47 Spies/Treason
109:58 Demolition Ship
110:48 Medium Warships
110:55 Heavy Demolition Ship
Master Suknip
1:29 Loom
19:52 Feudal Age
21:06 Double-Bit Axe
23:18 Gold Mining
24:05 Horse Collar
33:22 Castle Age
34:21 Medium Warships
36:24 Siphons
36:13 Demolition Ship
39:53 Imperial Age
39:18 Ballistics
39:51 Gold Shaft Mining
41:52 Chemistry
41:40 Heavy Warships
41:35 Heavy Plow
43:09 Bow Saw
58:23 Wheelbarrow
59:37 Murder Holes
64:14 Hand Cart
65:04 Two-Man Saw
64:24 Heated Shot
65:59 Guilds
68:52 Conscription
69:43 Stone Mining
70:23 Elite Longbowman
75:12 Yeomen
79:39 Fletching
79:50 Padded Archer Armor
86:56 Bodkin Arrow
87:16 Leather Archer Armor
94:41 Warwolf
98:43 Bracer
99:14 Ring Archer Armor
109:06 Hoardings
108:20 Treadmill Crane
108:51 Masonry
|RAZER|Spider
12:51 Feudal Age
12:33 Loom
12:56 Man-at-Arms
14:46 Wheelbarrow
13:57 Town Watch
23:19 Arson
35:39 Castle Age
37:51 Horse Collar
42:51 Light Cavalry
43:42 Bloodlines
43:33 Husbandry
55:44 Scale Barding Armor
55:40 Scale Mail Armor
55:51 Forging
58:25 Forging
58:32 Chain Mail Armor
58:38 Chain Barding Armor
59:07 Long Swordsman
59:33 Gambesons
59:48 Squires
60:58 Svan Towers
64:06 Pikeman
71:05 Imperial Age
71:51 Iron Casting
71:34 Cavalier
73:12 Double-Bit Axe
73:18 Gold Mining
73:19 Stone Mining
98:48 Elite Monaspa
Connection lost

Rejoining the realm…

Still unreachable

The connection could not be restored.

Session expired

The server has moved on; the page needs a fresh start.